 Dungeon Crawl Stone Soup version 0.21.0-25-ge575cb9 (webtiles) character file.

639 troglodite the Charmwright (level 7, -8/56 HPs)
             Began as a Gnoll Skald on Jan 24, 2018.
             Mangled by a two-headed ogre
             ... wielding a +0 giant club
              (23 damage)
             ... on level 4 of the Dungeon.
             The game lasted 00:14:52 (4180 turns).

troglodite the Charmwright (Gnoll Skald)            Turns: 4180, Time: 00:14:53

Health: -8/56      AC: 10    Str: 15    XL:     7   Next: 51%
Magic:  10/15      EV: 12    Int: 16    God:
Gold:   206        SH:  0    Dex: 14    Spells: 10/17 levels left

rFire    + . .     SeeInvis .   a - +0 falchion
rCold    . . .     Gourm    .   (no shield)
rNeg     . . .     Faith    .   o - +4 scale mail {rF+}
rPois    .         Spirit   .   (no helmet)
rElec    .         Reflect  .   (no cloak)
rCorr    .         Harm     .   (no gloves)
MR       .....                  (no boots)
Stlth    +.........             t - amulet of rage (curse)
HPRegen  0.18/turn              (no ring)
MPRegen  0.14/turn              (no ring)

@: very slightly contaminated, glowing
A: distributed training, fangs 1, strong nose
a: Evoke Berserk Rage


You were on level 4 of the Dungeon.
You were hungry.

You visited 1 branch of the dungeon, and saw 4 of its levels.

You collected 206 gold pieces.

Inventory:

Hand Weapons
 a - a +0 falchion (weapon)
Armour
 f - a +0 shield
 o - a +4 scale mail of fire resistance (worn)
Jewellery
 t - a cursed amulet of rage (around neck)
Wands
 p - a wand of paralysis (9)
Scrolls
 e - a scroll of identify {unknown}
 g - 3 scrolls of teleportation
 j - a scroll of amnesia {unknown}
 k - 2 scrolls of remove curse
 r - a scroll of magic mapping {unknown}
 s - a scroll of blinking {unknown}
Potions
 b - a potion of agility {unknown}
 h - a potion of degeneration {unknown}
 i - 4 potions of curing {unknown}
 l - a potion of berserk rage {unknown}
 n - a potion of flight {unknown}
 q - a potion of brilliance {unknown}
Books
 c - a book of Battle

   Spells                             Type                      Level
   a - Infusion                       Charms                       1
   b - Shroud of Golubria             Charms/Translocation         2
   c - Song of Slaying                Charms                       2
   d - Spectral Weapon                Hexes/Charms                 3
   e - Regeneration                   Charms/Necromancy            3
 m - a book of Changes

   Spells                             Type                      Level
   a - Beastly Appendage              Transmutation                1
   b - Sticks to Snakes               Transmutation                2
   c - Spider Form                    Transmutation/Poison         3
   d - Ice Form                       Ice/Transmutation            4
   e - Blade Hands                    Transmutation                5
Comestibles
 d - 7 rations


   Skills:
 + Level 5.2 Fighting
 + Level 2.5 Short Blades
 + Level 5.2 Long Blades
 + Level 2.5 Axes
 + Level 2.5 Maces & Flails
 + Level 2.5 Polearms
 + Level 2.5 Staves
 + Level 2.5 Slings
 + Level 2.5 Bows
 + Level 2.5 Crossbows
 + Level 2.5 Throwing
 + Level 3.6 Armour
 + Level 5.2 Dodging
 + Level 2.5 Stealth
 + Level 2.5 Shields
 + Level 2.5 Unarmed Combat
 + Level 5.6 Spellcasting
 + Level 2.0 Conjurations
 + Level 2.0 Hexes
 + Level 5.8 Charms
 + Level 2.0 Summonings
 + Level 2.0 Necromancy
 + Level 2.0 Translocations
 + Level 2.0 Transmutations
 + Level 2.0 Fire Magic
 + Level 2.0 Ice Magic
 + Level 2.0 Air Magic
 + Level 2.0 Earth Magic
 + Level 2.0 Poison Magic
 + Level 2.7 Invocations
 + Level 2.5 Evocations


You had 10 spell levels left.
You knew the following spells:

 Your Spells              Type           Power        Failure   Level  Hunger
a - Infusion              Chrm           ###.         4%          1    None
b - Spectral Weapon       Hex/Chrm       ###.....     30%         3    ##.....
c - Regeneration          Chrm/Necr      ###.......   30%         3    ##.....


Dungeon Overview and Level Annotations

Branches:
Dungeon (4/15)
 Temple: D:4-7

Altars:
Elyvilon
Gozag
Zin

Shops:
D:4 (


Innate Abilities, Weirdness & Mutations

Your experience applies equally to all skills.
You have very sharp teeth.
Your uncanny sense of smell can sniff out nearby items.


Message History

Your spectral weapon shares its damage with you!
The two-headed ogre hits your spectral weapon with a dire flail!
Your spectral weapon shares its damage with you!
You catch the helpless two-headed ogre completely off-guard!
You hit the two-headed ogre.
The two-headed ogre is severely wounded.
Your spectral weapon hits the two-headed ogre.
The two-headed ogre hits your spectral weapon with a giant club!!
Your spectral weapon shares its damage with you!
Your spectral weapon fades away.
The two-headed ogre shouts in stereo!
You hit the two-headed ogre but do no damage.
The two-headed ogre is severely wounded.
The two-headed ogre closely misses you.
The two-headed ogre hits you with a dire flail.
* * * LOW HITPOINT WARNING * * *
You hit the two-headed ogre.
The two-headed ogre is severely wounded.
The two-headed ogre hits you with a giant club!!
You die...

....###
#...###...###.####.####
....# #...#.......#.# #.#
##### #...#.##.##.#.####.#
#...#.##.##......#.#
##.##.##..<........# ###
#.##.###...>......# #..
#.##.###.#.###..#.###.#
######...............#.....#
#..........@O....##.########
#.#.##.........#.##.#
#.#.##.#..##...#.##.#
#.#.##....##........#
####.#.##..............#
#....#.......###..#.##.#
#.#####......###..#.##.#
###.#####...........#.##.#
.......##.....####.##.##.#


You could see a two-headed ogre.

Vanquished Creatures
  Grinder (D:4)
  Sigmund (D:2)
  A phantom (D:4)
  A hound (D:4)
  Terence (D:2)
  2 worker ants (D:4)
  4 adders
  An ooze (D:1)
  2 worms (D:3)
  2 dart slugs (D:2)
  3 leopard geckos (D:2)
  2 orcs
  3 giant cockroaches (D:2)
  6 goblins
  6 hobgoblins
  3 kobolds
  2 quokkas
  2 bats
  7 frilled lizards
  7 rats
57 creatures vanquished.

Vanquished Creatures (others)
  A leopard gecko (D:4)
  2 spectral weapons (D:4)
3 creatures vanquished.

Grand Total: 60 creatures vanquished

Notes
Turn   | Place    | Note
-------+----------+-------------------------------------------
     0 | D:1      | troglodite the Gnoll Skald began the quest for the Orb.
     0 | D:1      | Reached XP level 1. HP: 20/20 MP: 6/6
    71 | D:1      | Reached XP level 2. HP: 21/26 MP: 7/7
   526 | D:2      | Found a glowing silver altar of Zin.
   607 | D:2      | Reached XP level 3. HP: 30/31 MP: 9/9
   619 | D:2      | Learned a level 3 spell: Spectral Weapon
   623 | D:2      | Learned a level 3 spell: Regeneration
   653 | D:2      | Reached skill level 5 in Spellcasting
   738 | D:2      | Noticed Terence
   759 | D:2      | Killed Terence
   759 | D:2      | Reached skill level 1 in Short Blades
   759 | D:2      | Reached skill level 1 in Axes
   759 | D:2      | Reached skill level 1 in Maces & Flails
   759 | D:2      | Reached skill level 1 in Polearms
   759 | D:2      | Reached skill level 1 in Staves
   759 | D:2      | Reached skill level 1 in Slings
   759 | D:2      | Reached skill level 1 in Bows
   759 | D:2      | Reached skill level 1 in Crossbows
   759 | D:2      | Reached skill level 1 in Throwing
   759 | D:2      | Reached skill level 1 in Stealth
   759 | D:2      | Reached skill level 1 in Shields
   759 | D:2      | Reached skill level 1 in Unarmed Combat
   759 | D:2      | Reached skill level 1 in Invocations
   759 | D:2      | Reached skill level 1 in Evocations
   759 | D:2      | Reached XP level 4. HP: 25/38 MP: 4/11
   892 | D:2      | Noticed Sigmund
   906 | D:2      | Killed Sigmund
   906 | D:2      | Reached skill level 1 in Conjurations
   906 | D:2      | Reached skill level 1 in Hexes
   906 | D:2      | Reached skill level 1 in Summonings
   906 | D:2      | Reached skill level 1 in Necromancy
   906 | D:2      | Reached skill level 1 in Translocations
   906 | D:2      | Reached skill level 1 in Transmutations
   906 | D:2      | Reached skill level 1 in Fire Magic
   906 | D:2      | Reached skill level 1 in Ice Magic
   906 | D:2      | Reached skill level 1 in Air Magic
   906 | D:2      | Reached skill level 1 in Earth Magic
   906 | D:2      | Reached skill level 1 in Poison Magic
   906 | D:2      | Reached XP level 5. HP: 43/43 MP: 9/12
   963 | D:2      | Reached XP level 6. HP: 48/50 MP: 13/13
  2158 | D:3      | Found an opulent altar of Gozag.
  2303 | D:4      | Noticed Grinder
  2316 | D:4      | Killed Grinder
  2316 | D:4      | Reached skill level 5 in Fighting
  2316 | D:4      | Reached skill level 5 in Long Blades
  2316 | D:4      | Reached skill level 5 in Dodging
  2316 | D:4      | Reached XP level 7. HP: 17/56 MP: 12/15
  2900 | D:4      | Found Roaqa's Antique Weapon Shoppe.
  2959 | D:4      | Found a white marble altar of Elyvilon.
  3028 | D:4      | Noticed a two-headed ogre
  4180 | D:4      | Mangled by a two-headed ogre

Skill      XL: |  1  2  3  4  5  6  7 |
---------------+----------------------+-----
Spellcasting   | 5 |  5.6
Short Blades   | 1 2 |  2.5
Axes           | 1 2 |  2.5
Maces & Flails | 1 2 |  2.5
Polearms       | 1 2 |  2.5
Staves         | 1 2 |  2.5
Slings         | 1 2 |  2.5
Bows           | 1 2 |  2.5
Crossbows      | 1 2 |  2.5
Throwing       | 1 2 |  2.5
Stealth        | 1 2 |  2.5
Shields        | 1 2 |  2.5
Unarmed Combat | 1 2 |  2.5
Invocations    | 1 2 |  2.7
Evocations     | 1 2 |  2.5
Armour         | 3 |  3.6
Conjurations   | 1 2 |  2.0
Hexes          | 1 2 |  2.0
Summonings     | 1 2 |  2.0
Necromancy     | 1 2 |  2.0
Translocations | 1 2 |  2.0
Transmutations | 1 2 |  2.0
Fire Magic     | 1 2 |  2.0
Ice Magic      | 1 2 |  2.0
Air Magic      | 1 2 |  2.0
Earth Magic    | 1 2 |  2.0
Poison Magic   | 1 2 |  2.0
Fighting       | 5 |  5.2
Long Blades    | 5 |  5.2
Dodging        | 5 |  5.2
Charms         | |  5.8

Action                   |  1- 3 |  4- 6 |  7- 9 || total
-------------------------+-------+-------+-------++-------
Melee: Falchion          |    74 |   109 |    80 ||   263
       Bite              |     6 |    16 |    17 ||    39
       Punch             |       |       |     2 ||     2
 Cast: Spectral Weapon   |     1 |     2 |     3 ||     6
  Use: Scroll            |       |     2 |     2 ||     4
 Stab: Distracted        |       |       |     1 ||     1
  Eat: Chunk             |       |     5 |     2 ||     7
       Ration            |       |       |     1 ||     1
Armor: Ring mail         |    18 |     3 |       ||    21
       Leather armour    |     1 |       |       ||     1
       Scale mail        |       |    34 |    22 ||    56
Dodge: Dodged            |    53 |    60 |    42 ||   155
       Rpst.: Falchion   |    17 |    22 |    18 ||    57
